 Dungeon Crawl Stone Soup version 0.20.1-1-g8b1a95d (webtiles) character file.

140385 vatarom the Sharpshooter (level 16, -18/126 HPs)
             Began as a Demonspawn Hunter on Sept 23, 2017.
             Was the Champion of Okawaru.
             Killed from afar by a merfolk aquamancer (25 damage)
             ... with a torrent of water
             ... on level 4 of the Shoals.
             The game lasted 01:30:39 (32573 turns).

vatarom the Sharpshooter (Demonspawn Hunter)       Turns: 32573, Time: 01:30:40

Health: -18/126    AC: 17    Str: 21    XL:     16   Next: 75%
Magic:  0/24       EV: 19    Int: 16    God:    Okawaru [******]
Gold:   2140       SH:  4    Dex: 20    Spells: 17/25 levels left

rFire    . . .     SeeInvis +   o - +7 arbalest "Ahaf" {elec, +Inv rElec rN+}
rCold    . . .     Gourm    .   (shield currently unavailable)
rNeg     + . .     Faith    .   x - +5 ring mail of Geje Zoy {rCorr Str+6}
rPois    +         Spirit   +   i - +2 helmet {SInv}
rElec    +         Reflect  +   (no cloak)
rCorr    +         Harm     .   I - +0 pair of fencer's gloves {+Riposte Dex+3}
MR       +....                  (boots unavailable)
Stlth    +.........             P - +4 amulet of reflection
Regen    0.4/turn               T - ring of flight
MPRegen  0.4/turn               m - ring of wizardry

@: studying Crossbows
A: hooves 3, repulsion field 2, clever 1, poison resistance, powered by pain 1,
magic shield, magic regeneration
a: Heroism, Finesse, Renounce Religion, Evoke Invisibility, Evoke Flight


You were on level 4 of the Shoals.
You worshipped Okawaru.
Okawaru was exalted by your worship.
You were not hungry.

You visited 5 branches of the dungeon, and saw 28 of its levels.
You also visited: Labyrinth and Volcano.

You collected 3024 gold pieces.
You spent 884 gold pieces at shops.

Inventory:

Hand Weapons
 o - the +7 arbalest "Ahaf" (weapon) {elec, +Inv rElec rN+}
   (Okawaru gifted it to you on level 4 of the Lair of Beasts)

   It charges the ammunition it shoots with electricity; occasionally upon a
   hit, such missiles may discharge and cause terrible harm.
   It insulates you from electricity.
   It protects you from negative energy.
   It lets you turn invisible.
 M - the +8 mithril axe "Arga" {speed, MR+}
   (You acquired it on level 11 of the Dungeon)

   Attacks with this weapon are significantly faster.
   It affects your resistance to hostile enchantments.
Missiles
 k - 553 bolts (quivered)
Armour
 e - a +3 buckler
 i - a +2 helmet of see invisible (worn)
 x - the +5 ring mail of Geje Zoy (worn) {rCorr Str+6}
   (You found it on level 5 of the Dungeon)

   It affects your strength (+6).
   It protects you from acid and corrosion.
 E - a +5 ring mail of fire resistance
 I - the +0 pair of fencer's gloves (worn) {+Riposte Dex+3}
   (You acquired it on level 1 of the Shoals)

   It affects your dexterity (+3).
 R - a +3 chain mail of fire resistance
Jewellery
 m - a ring of wizardry (right hand)
 P - a +4 amulet of reflection (around neck)
 T - a ring of flight (left hand)
Wands
 f - a wand of iceblast (10/15)
 n - a wand of iceblast (5/15)
 p - a wand of lightning (6/15)
 r - a wand of acid (7/15)
 t - a wand of paralysis (13/24)
 w - a wand of polymorph (15/24)
 z - a wand of iceblast (5/15)
 B - a wand of acid (0/15)
 C - a wand of lightning (5/15)
 Q - a wand of digging (13/24)
Scrolls
 c - 10 scrolls of remove curse
 d - 2 scrolls of enchant armour
 h - 8 scrolls of identify
 s - a scroll of immolation
 v - a scroll of amnesia
 y - a scroll of magic mapping
 F - 3 scrolls of recharging
Potions
 u - 3 potions of agility
 D - 2 potions of might
 J - 7 potions of berserk rage
 W - a potion of brilliance
Books
 G - a manual of Crossbows
Comestibles
 g - 7 fruits
 l - 6 royal jellies
 L - 7 meat rations


   Skills:
 - Level 11.6 Fighting
 - Level 9.8(10.4) Axes
   Level 5.2(8.2) Polearms
 + Level 16.3 Crossbows
 + Level 9.5 Armour
 * Level 7.0 Dodging
 - Level 0.8 Stealth
 - Level 4.0 Shields
 - Level 5.3 Spellcasting
 - Level 6.7 Hexes
 - Level 3.3 Translocations
 - Level 10.8 Invocations
 - Level 9.7 Evocations


You had 17 spell levels left.
You knew the following spells:

 Your Spells              Type           Power        Failure   Level  Hunger
a - Blink                 Tloc           N/A          3%          2    #......
b - Portal Projectile     Hex/Tloc       ###...       3%          3    ###....
c - Inner Flame           Hex/Fire       ###.....     7%          3    ###....


Dungeon Overview and Level Annotations

Branches:
Dungeon (15/15)            Temple (1/1) D:7            Lair (6/6) D:11
 Shoals (4/4) Lair:3       Spider (0/4) Lair:2        Slime (0/5) Lair:5
    Orc (2/2) D:9             Elf (0/3) Orc:2        Vaults (0/5) D:14
 Depths (0/5) D:15

Altars:
Ashenzari
Cheibriados
Dithmenos
Elyvilon
Fedhas
Gozag
Hepliaklqana
Kikubaaqudgha
Makhleb
Nemelex Xobeh
Okawaru
Qazlal
Ru
Sif Muna
Trog
Uskayaw
Vehumet
Xom
Yredelemnul
Zin
The Shining One
Jiyva

Shops:
D:7 (   D:8 =   D:9 (   D:11 *=}%(   D:13 !%:**   Orc:2 *:[*

Annotations:
Shoals:3 Bai Suzhen


Innate Abilities, Weirdness & Mutations

You have hooves in place of feet.
You are surrounded by a moderate repulsion field. (EV +3)
You sometimes gain a little power by taking damage.
When hurt, damage is shared between your health and your magic reserves.
You regenerate magic rapidly.
Your mind is acute. (Int +2)
Your system is resistant to poisons. (rPois)


Message History

You magically shoot a bolt.
The bolt closely misses the merfolk aquamancer.
The water nymph casts a spell at you. The water swirls and strikes you!
* * * LOW HITPOINT WARNING * * *
Unknown command.
Casting: Portal Projectile
Confirm with . or Enter, or press ? or * to list all spells.
You blink.
Unknown command.
Firing (i - inventory):
k - 554 bolts (quivered)
Press: ? - help, Shift-Dir - straight line, f/p - merfolk aquamancer
Aim: a merfolk aquamancer, wielding a rapier and wearing a robe (almost dead)
You magically shoot a bolt.
The bolt closely misses the merfolk aquamancer.
You hear a splash.
You are no longer teleporting projectiles to their destination.
The merfolk aquamancer points at you and mumbles some strange words.
The torrent of water hits you!
You die...

≈≈≈≈≈≈≈≈≈≈≈≈≈≈≈
≈≈≈≈≈≈≈≈≈≈≈≈≈≈≈≈≈≈
≈≈≈≈≈≈≈≈≈≈≈≈≈≈≈≈≈≈
≈≈≈≈≈≈≈≈≈≈≈≈≈≈≈≈≈≈
#..≈≈≈≈≈≈≈≈≈≈≈≈≈≈≈
#....≈≈≈≈≈≈≈≈≈≈≈≈≈
#......≈≈≈≈≈≈≈≈≈≈≈
#≈.......≈≈≈≈≈≈≈≈≈
#≈≈....≈m.@≈≈≈≈≈≈≈
≈≈≈(.((≈m≈..≈≈≈≈≈≈
≈≈(..≈.≈≈.....≈≈≈≈
....≈≈≈≈......≈≈≈≈
....≈≈≈≈...≈≈≈≈≈≈≈
.....≈##....≈≈≈≈≈≈
....≈≈ ##....≈≈≈≈≈
≈≈≈.≈. ≈≈≈≈≈≈≈≈≈≈
≈≈≈... ≈≈≈≈≈≈≈


You could see a merfolk aquamancer and a water nymph.

Vanquished Creatures
  Polyphemus (Shoals:2)
  A storm dragon (D:12)
  A stone giant (Lair:3)
  Nessos (D:14)
  A minotaur (Lab)
  2 merfolk impalers (Shoals:1)
  2 merfolk javelineers (Shoals:2)
  Josephine (Lair:4)
  Fannar (Lair:2)
  A yaktaur captain (D:15)
  8 hydras
  4 catoblepae
  4 two-headed ogres
  2 dancing weapons (D:14)
  A tengu warrior (D:15)
  6 centaur warriors
  12 death yaks
  A satyr (Shoals:3)
  2 merfolk avatars (Shoals:2)
  7 skeletal warriors
  4 sea snakes
  2 unseen horrors
  A flayed ghost (D:12)
  An ironbrand convoker (D:15)
  6 orc knights
  9 harpies
  11 cyclopes
  An orc sorcerer (Orc:2)
  10 manticores
  13 fauns
  12 elephants
  2 salamanders (Volcano)
  Maurice (D:9)
  6 black mambas
  6 merfolk sirens
  Joseph (Lair:1)
  A torpor snail (Lair:2)
  2 gargoyles
  A molten gargoyle (Volcano)
  3 water nymphs
  4 rime drakes
  13 spiny frogs
  5 komodo dragons
  A yaktaur (D:15)
  An efreet (D:15)
  4 trolls
  18 merfolk
  2 polar bears
  12 blink frogs (Lair:6)
  A wind drake (Shoals:2)
  15 dream sheep
  18 slime creatures
  14 hippogriffs
  5 snapping turtles
  Sigmund (D:6)
  9 wraiths
  3 water elementals
  A redback (Lab)
  80 yaks
  A fire bat (Volcano)
  Eustachio (D:6)
  A wyvern (D:9)
  6 basilisks
  11 hungry ghosts
  2 acid dragons (D:12)
  A soldier ant (D:12)
  3 wargs
  10 water moccasins
  2 hell hounds (Volcano)
  39 orc warriors
  11 porcupines
  2 black bears
  5 ice beasts
  4 sky beasts
  3 eyes of draining
  4 necrophages
  21 ogres
  9 boggarts
  28 centaurs
  18 crocodiles
  4 wolves
  A big kobold (D:8)
  31 bullfrogs
  A gnoll sergeant (D:11)
  A wyvern zombie (D:9)
  A water moccasin zombie (D:6)
  3 wyvern skeletons
  9 scorpions
  A troll skeleton (Lab)
  4 electric eels
  9 wights
  4 howler monkeys
  A spriggan skeleton (Lab)
  10 crimson imps
  2 bullfrog zombies (D:10)
  4 hounds
  A quasit (D:9)
  A centaur zombie (D:8)
  13 orc priests
  7 jellies
  16 orc wizards
  5 centaur skeletons
  3 gnoll shamans
  4 iguanas
  14 worker ants
  A killer bee zombie (D:6)
  A hound zombie (D:6)
  3 worker ant zombies
  51 gnolls
  A howler monkey skeleton (D:10)
  16 adders
  2 shadow imps
  An ooze (D:5)
  A worm (D:4)
  2 adder skeletons (D:4)
  A dart slug (D:2)
  8 leopard geckos
  92 orcs
  9 bats
  7 giant cockroaches
  18 goblins
  11 hobgoblins
  22 jackals
  8 kobolds
  4 ball pythons
  5 frilled lizards
  A jackal skeleton (D:6)
  A jackal zombie (D:8)
  A leopard gecko skeleton (D:9)
  5 rats
  2 fungi
  A plant (Shoals:1)
966 creatures vanquished.

Vanquished Creatures (collateral kills)
  A merfolk avatar (Shoals:1)
1 creature vanquished.

Vanquished Creatures (others)
  A satyr (Shoals:2)
  A faun (Shoals:3)
  A cyclops (Shoals:3)
  A centaur (D:7)
  An orc (Orc:2)
  6 fungi
  8 plants
19 creatures vanquished.

Grand Total: 986 creatures vanquished

Notes
Turn   | Place    | Note
-------+----------+-------------------------------------------
     0 | D:1      | vatarom the Demonspawn Hunter began the quest for the Orb.
     0 | D:1      | Reached XP level 1. HP: 16/16 MP: 1/1
   143 | D:1      | Gained mutation: You are surrounded by a mild repulsion field. (EV +2) [demonic ancestry]
   143 | D:1      | Reached XP level 2. HP: 18/22 MP: 2/2
   337 | D:1      | Reached skill level 4 in Crossbows
   520 | D:2      | Reached XP level 3. HP: 28/28 MP: 3/3
   764 | D:2      | Found an iron altar of Okawaru.
   831 | D:2      | Became a worshipper of Warmaster Okawaru
  1500 | D:3      | Gained mutation: You sometimes gain a little power by taking damage. [demonic ancestry]
  1500 | D:3      | Reached XP level 4. HP: 23/34 MP: 4/4
  1566 | D:3      | Learned a level 2 spell: Blink
  2068 | D:3      | Reached XP level 5. HP: 41/41 MP: 5/5
  2229 | D:4      | Gained mutation: Your system is resistant to poisons. (rPois) [potion of mutation]
  2229 | D:4      | Gained mutation: Your mind is acute. (Int +2) [potion of mutation]
  2237 | D:4      | Reached skill level 5 in Crossbows
  2238 | D:4      | Reached * piety under Okawaru
  2294 | D:4      | Noticed an ogre
  2298 | D:4      | Killed an ogre
  2298 | D:4      | Reached XP level 6. HP: 48/48 MP: 6/6
  2542 | D:4      | Reached XP level 7. HP: 35/54 MP: 7/7
  2880 | D:4      | Reached ** piety under Okawaru
  3168 | D:5      | Entered Level 5 of the Dungeon
  3275 | D:5      | Got a spiked ring mail
  3286 | D:5      | Identified the +5 ring mail of Geje Zoy {rCorr Str+6} (You found it on level 5 of the Dungeon)
  3374 | D:5      | Reached skill level 1 in Armour
  3374 | D:5      | Reached skill level 1 in Shields
  3473 | D:5      | Found a blossoming altar of Fedhas.
  3665 | D:5      | Found a burning altar of Makhleb.
  3702 | D:6      | Noticed a hungry ghost
  3789 | D:6      | Reached skill level 6 in Crossbows
  3789 | D:6      | Gained mutation: When hurt, damage is shared between your health and your magic reserves. [demonic ancestry]
  3789 | D:6      | Reached XP level 8. HP: 61/61 MP: 8/8
  3962 | D:5      | Reached skill level 5 in Fighting
  4233 | D:6      | Reached *** piety under Okawaru
  4526 | D:6      | Found a sparkling altar of Nemelex Xobeh.
  4631 | D:6      | Noticed Eustachio
  4638 | D:6      | Gained mutation: You have large cloven feet. [demonic ancestry]
  4638 | D:6      | Reached XP level 9. HP: 50/69 MP: 5/9
  4647 | D:6      | Killed Eustachio
  4855 | D:6      | Noticed Sigmund
  4898 | D:6      | Noticed a cyclops
  4940 | D:6      | Killed a cyclops
  4940 | D:6      | Reached **** piety under Okawaru
  4940 | D:6      | Reached skill level 7 in Crossbows
  4947 | D:6      | Killed Sigmund
  4947 | D:6      | Received a gift from Okawaru
  4995 | D:6      | Reached skill level 5 in Armour
  5913 | D:7      | Found a staircase to the Ecumenical Temple.
  5931 | D:7      | Found Qaerant's Weapon Emporium.
  5979 | Temple   | Entered the Ecumenical Temple
  6239 | D:7      | Gained mutation: You have hoof-like feet. [demonic ancestry]
  6239 | D:7      | Reached XP level 10. HP: 76/79 MP: 8/10
  6312 | D:7      | Got a twisted spear
  6313 | D:7      | Identified the +7 spear of Action {freeze, +Fly MR++ Str-2 Int+7} (You found it on level 7 of the Dungeon)
  6497 | D:7      | You fall through a shaft!
  6497 | D:8      | Found Cuuj Umeka's Jewellery Emporium.
  6508 | D:8      | Bought the macabre finger necklace {rN+} for 520 gold pieces
  6591 | D:7      | Found a bloodstained altar of Trog.
  6762 | D:7      | Reached ***** piety under Okawaru
  6854 | D:8      | Reached skill level 8 in Crossbows
  6862 | D:8      | Reached skill level 1 in Polearms
  6936 | D:8      | Found a white marble altar of Elyvilon.
  7345 | D:8      | Received a gift from Okawaru
  7501 | D:9      | Found Edwum's Antique Weapon Boutique.
  7593 | D:9      | Got a pair of polished boots
  7599 | D:9      | Identified the +0 pair of boots "Goibb" {*Drain rPois MR+++ Slay+5} (You found it on level 9 of the Dungeon)
  7710 | D:9      | Noticed a two-headed ogre
  7716 | D:9      | Killed a two-headed ogre
  7751 | D:9      | Found a staircase to the Orcish Mines.
  7758 | D:9      | Received a gift from Okawaru
  7783 | D:9      | Found a deep blue altar of Sif Muna.
  7838 | D:9      | Noticed Maurice
  7844 | D:9      | Killed Maurice
  8238 | D:10     | Entered Level 10 of the Dungeon
  8291 | D:9      | Received a gift from Okawaru
  8291 | D:9      | Reached XP level 11. HP: 67/87 MP: 6/11
  8660 | D:10     | Reached skill level 9 in Crossbows
  8732 | D:10     | Reached ****** piety under Okawaru
  9206 | D:11     | Found a labyrinth entrance.
  9216 | Lab      | Entered a labyrinth
  9249 | Lab      | Reached skill level 1 in Invocations
  9526 | Lab      | Found an exit through the horrors of the Abyss.
  9603 | Lab      | Noticed a minotaur
  9609 | Lab      | Killed a minotaur
  9609 | Lab      | Received a gift from Okawaru
  9622 | Lab      | Got a sparkling gossamer ring
  9625 | Lab      | Identified the ring "Risolono" {*Tele rC+ MR+ Str+3} (You found it in a labyrinth)
  9637 | Lab      | Got a twisted ring mail
  9648 | Lab      | Identified the cursed +0 ring mail of the Burgomaster {Str+3} (You found it in a labyrinth)
  9777 | D:11     | Found a staircase to the Lair.
  9803 | D:11     | Received a gift from Okawaru
  9803 | D:11     | Reached skill level 5 in Polearms
  9965 | D:11     | Killed an unseen horror
  9965 | D:11     | Reached skill level 5 in Invocations
 10207 | D:11     | Found Kadoraud's Weapon Shop.
 10239 | D:11     | Found a white marble altar of Elyvilon.
 10240 | D:11     | Found Ubem's Gadget Shop.
 10279 | D:11     | Identified a scroll of acquirement
 10305 | D:11     | Found Hunudom's General Store.
 10410 | D:11     | Reached skill level 10 in Crossbows
 10432 | D:11     | Found Tusadiy's Jewellery Shop.
 10470 | D:11     | Found Icsim's Food Shop.
 10776 | D:11     | Found a deep blue altar of Sif Muna.
 10976 | D:12     | Noticed a centaur warrior
 10988 | D:12     | Killed a centaur warrior
 10988 | D:12     | Received a gift from Okawaru
 10988 | D:12     | Reached XP level 12. HP: 69/95 MP: 12/17
 11071 | D:12     | Received a gift from Okawaru
 11405 | D:12     | Received a gift from Okawaru
 11451 | D:12     | Noticed a storm dragon
 11469 | D:12     | Killed a storm dragon
 11469 | D:12     | Received a gift from Okawaru
 11621 | D:12     | Noticed a six-headed hydra
 11623 | D:12     | Killed a six-headed hydra
 11623 | D:12     | Reached skill level 11 in Crossbows
 12007 | D:12     | Reached skill level 10 in Invocations
 12265 | Lair:1   | Entered Level 1 of the Lair of Beasts
 12276 | Lair:1   | Received a gift from Okawaru
 12459 | Lair:1   | Noticed Joseph
 12462 | Lair:1   | Killed Joseph
 12482 | Lair:1   | Learned a level 3 spell: Portal Projectile
 12486 | Lair:1   | Learned a level 3 spell: Inner Flame
 12587 | Lair:1   | Received a gift from Okawaru
 13168 | Lair:2   | Reached skill level 1 in Hexes
 13216 | Lair:2   | Found a hole to the Spider Nest.
 13321 | Lair:2   | Reached skill level 1 in Spellcasting
 13326 | Lair:2   | Reached XP level 13. HP: 101/101 MP: 21/21
 13443 | Lair:2   | Noticed Fannar
 13453 | Lair:2   | Killed Fannar
 13720 | Lair:2   | Found a white marble altar of Elyvilon.
 14033 | Lair:3   | Reached skill level 1 in Translocations
 14368 | Lair:3   | Found a staircase to the Shoals.
 14946 | Lair:3   | Reached skill level 5 in Axes
 15122 | Lair:4   | Noticed Josephine
 15130 | Lair:4   | Killed Josephine
 15289 | Lair:4   | Received a gift from Okawaru
 15290 | Lair:4   | Got a polished arbalest {god gift}
 15291 | Lair:4   | Identified the +7 arbalest "Ahaf" {elec, +Inv rElec rN+} (Okawaru gifted it to you on level 4 of the Lair of Beasts)
 16292 | Lair:5   | Reached skill level 5 in Hexes
 16393 | Lair:5   | Reached skill level 12 in Crossbows
 16519 | Lair:5   | Received a gift from Okawaru
 16520 | Lair:5   | Got a fine triple crossbow {god gift}
 16524 | Lair:5   | Identified the +2 triple crossbow of the Thirteen Wishes {velocity, Dex+4} (Okawaru gifted it to you on level 5 of the Lair of Beasts)
 16542 | Lair:5   | Found a staircase to the Slime Pits.
 16543 | Lair:5   | Found a viscous altar of Jiyva.
 17007 | Lair:6   | Entered Level 6 of the Lair of Beasts
 17015 | Lair:6   | Gained mutation: You are surrounded by a moderate repulsion field. (EV +3) [demonic ancestry]
 17015 | Lair:6   | Reached XP level 14. HP: 99/108 MP: 19/22
 17049 | Lair:6   | Reached skill level 5 in Spellcasting
 17349 | Lair:5   | Received a gift from Okawaru
 18786 | Lair:6   | Reached skill level 13 in Crossbows
 18797 | Lair:6   | Received a gift from Okawaru
 18949 | Lair:6   | Received a gift from Okawaru
 19570 | D:12     | Received a gift from Okawaru
 19880 | D:12     | Received a gift from Okawaru
 19949 | D:13     | Found Riluseh's Assorted Antiques.
 20098 | D:13     | Found Ruic's Book Emporium.
 20127 | D:13     | Gained mutation: You regenerate magic rapidly. [demonic ancestry]
 20127 | D:13     | Reached XP level 15. HP: 71/113 MP: 11/23
 20261 | D:13     | Reached skill level 14 in Crossbows
 20261 | D:13     | Reached skill level 1 in Evocations
 20381 | D:13     | Found Fifeack's Food Shoppe.
 20449 | D:13     | Found Doezairr's Distillery.
 20998 | D:13     | Found Tootasis's General Store.
 21465 | D:14     | Found a gate to the Vaults.
 21759 | D:14     | Received a gift from Okawaru
 21938 | D:14     | Noticed Nessos
 21941 | D:14     | Killed Nessos
 22069 | D:15     | Entered Level 15 of the Dungeon
 22162 | D:15     | Found a glowing golden altar of the Shining One.
 22519 | D:15     | Reached skill level 5 in Evocations
 22537 | D:15     | Received a gift from Okawaru
 22548 | D:15     | Reached skill level 10 in Fighting
 22835 | D:15     | Received a gift from Okawaru
 22920 | D:15     | Found a staircase to the Depths.
 23177 | D:10     | Received a gift from Okawaru
 23208 | Orc:1    | Entered Level 1 of the Orcish Mines
 23566 | Orc:2    | Entered Level 2 of the Orcish Mines
 23566 | Orc:2    | Found a staircase to the Elven Halls.
 23896 | Orc:2    | Found a dark tunnel.
 23906 | Volcano  | Entered a volcano
 24103 | Volcano  | Received a gift from Okawaru
 24863 | Orc:1    | Received a gift from Okawaru
 25137 | Orc:1    | Reached skill level 15 in Crossbows
 26429 | Orc:2    | Found Hosac's Armour Shoppe.
 26429 | Orc:2    | Found Oddu's Book Shop.
 26431 | Orc:2    | Found Qauraschu's General Store.
 26433 | Orc:2    | Found Okeitrodog's Assorted Antiques.
 26708 | Shoals:1 | Entered Level 1 of the Shoals
 27015 | Lair:3   | Received a gift from Okawaru
 27720 | Shoals:1 | HP: 2/117 [cyclops (14)]
 27722 | Shoals:1 | Gained mutation: You have hooves in place of feet. [demonic ancestry]
 27722 | Shoals:1 | Reached XP level 16. HP: 36/124 MP: 1/24
 28190 | Shoals:1 | Received a gift from Okawaru
 28833 | D:13     | Bought a sack of spiders for 260 gold pieces
 28833 | D:13     | Bought a potion of heal wounds for 65 gold pieces
 28833 | D:13     | Bought a scroll of teleportation for 39 gold pieces
 29096 | Shoals:2 | Received a gift from Okawaru
 29318 | Shoals:2 | Received a gift from Okawaru
 29708 | Shoals:2 | Noticed Polyphemus
 29743 | Shoals:2 | HP: 6/125 [faun/sling bullet (18)]
 29808 | Shoals:2 | HP: 4/125 [merfolk javelineer/javelin of penetration (6)]
 30578 | Shoals:2 | Reached skill level 5 in Dodging
 30585 | Shoals:2 | HP: 5/126 [Polyphemus/death yak (2)]
 30586 | Shoals:2 | HP: 1/126 [something/blast of calcifying dust[Polyphemus] (4)]
 30601 | Shoals:2 | HP: 1/126 [something/blast of calcifying dust[Polyphemus] (5)]
 30691 | Shoals:3 | HP: 4/126 [satyr/sling bullet (5)]
 30693 | Shoals:3 | HP: 1/126 [faun/stone[a satyr] (1)]
 31044 | Shoals:2 | Reached skill level 16 in Crossbows
 31063 | Shoals:2 | Noticed a kraken
 31388 | Shoals:2 | Killed Polyphemus
 32037 | Shoals:3 | Noticed Bai Suzhen
 32378 | Shoals:3 | Received a gift from Okawaru
 32470 | Shoals:4 | Entered Level 4 of the Shoals
 32573 | Shoals:4 | Killed from afar by a merfolk aquamancer

Skill      XL: |  1  2  3  4  5  6  7  8  9 10 11 12 13 14 15 16 |
---------------+-------------------------------------------------+-----
Crossbows      | 4 5 6 7 8 10 11 12 13 15 16 | 16.3
Fighting       | 3 4 5 7 8 9 10 11 | 11.6
Dodging        | 2 3 4 7 |  7.0
Armour         | 2 4 5 6 8 9 |  9.5
Shields        | 2 4 |  4.0
Axes           | 4 6 9 |  9.8
Polearms       | 3 5 |  5.2
Invocations    | 7 10 | 10.8
Hexes          | 1 6 |  6.7
Spellcasting   | 1 4 5 |  5.3
Translocations | 3 |  3.3
Evocations     | 8 9 |  9.7
Stealth        | |  0.8

Action                   |  1- 3 |  4- 6 |  7- 9 | 10-12 | 13-15 | 16-18 || total
-------------------------+-------+-------+-------+-------+-------+-------++-------
Melee: Hand axe          |     7 |    15 |   601 |    12 |       |       ||   635
       Kick              |       |       |    97 |    36 |       |    15 ||   148
       Spear             |       |       |       |   178 |       |       ||   178
       Glaive            |       |       |       |    18 |       |       ||    18
       Arbalest          |       |       |       |     2 |       |       ||     2
       Broad axe         |       |       |       |    34 |    39 |    26 ||    99
 Fire: Hand crossbow     |   100 |   101 |    87 |   250 |       |       ||   538
       Arbalest          |       |       |       |   231 |   954 |   372 ||  1557
       Triple crossbow   |       |       |       |       |    18 |       ||    18
 Cast: Blink             |       |     1 |       |     4 |    24 |    16 ||    45
       Portal Projectile |       |       |       |       |    33 |    21 ||    54
       Inner Flame       |       |       |       |       |    16 |       ||    16
Invok: Heroism           |       |     1 |     7 |       |       |       ||     8
Evoke: Wand              |       |       |     3 |     1 |     4 |       ||     8
       Sack of spiders   |       |       |       |       |       |     2 ||     2
  Use: Scroll            |     7 |       |     5 |    15 |    19 |     9 ||    55
       Potion            |     4 |     1 |     8 |     5 |     8 |    14 ||    40
 Stab: Distracted        |       |       |     1 |       |       |       ||     1
       Petrified         |       |       |       |       |       |     2 ||     2
  Eat: Chunk             |     1 |     3 |     5 |     7 |    14 |     3 ||    33
       Fruit             |     1 |       |     1 |       |     5 |       ||     7
       Meat ration       |       |       |     3 |     1 |     2 |     3 ||     9
       Bread ration      |       |       |     1 |     7 |     3 |       ||    11
       Royal jelly       |       |       |       |       |     3 |       ||     3
Armor: Leather armour    |    17 |     7 |     5 |       |       |       ||    29
       Ring mail         |       |       |   129 |   180 |   161 |    92 ||   562
Dodge: Dodged            |    50 |    44 |   418 |   259 |   430 |   192 ||  1393
Block: Buckler           |       |    11 |   406 |   152 |       |       ||   569
       Reflection        |       |       |    10 |     1 |       |    11 ||    22
       Other             |       |       |       |       |       |    34 ||    34
       Rpst.: Arbalest   |       |       |       |       |       |     7 ||     7
       Broad axe         |       |       |       |       |       |     3 ||     3
